 Dungeon Crawl Stone Soup version 0.22-a0-580-gd5db89c (webtiles) character file.

118 Hebeh the Skirmisher (level 4, 0/41 HPs)
             Began as a Minotaur Fighter on July 3, 2018.
             Succumbed to Crazy Yiuf's poison
             ... on level 3 of the Dungeon.
             The game lasted 00:05:10 (1879 turns).

Hebeh the Skirmisher (Minotaur Fighter)             Turns: 1879, Time: 00:05:12

Health: 0/41       AC:  7    Str: 21    XL:     4   Next: 72%
Magic:  3/3        EV:  7    Int:  5    God:
Gold:   236        SH:  9    Dex: 10    Spells: 3/3 levels left

rFire    . . .     SeeInvis .   a - +0 war axe
rCold    . . .     Gourm    .   c - +0 shield
rNeg     . . .     Faith    .   b - +0 scale mail
rPois    .         Spirit   .   (helmet restricted)
rElec    .         Reflect  .   (no cloak)
rCorr    .         Harm     .   (no gloves)
MR       .....                  (no boots)
Stlth    ..........             (no amulet)
HPRegen  0.13/turn              (no ring)
MPRegen  0.08/turn              (no ring)

@: lethally poisoned (0 -> -4), drained
A: retaliatory headbutt, horns 2
a: no special abilities


You were on level 3 of the Dungeon.
You were hungry.

You visited 1 branch of the dungeon, and saw 3 of its levels.

You collected 236 gold pieces.

Inventory:

Hand Weapons
 a - a +0 war axe (weapon)
 q - a +1 mace of draining
Missiles
 o - 4 javelins (quivered)
 t - 23 sling bullets
Armour
 b - a +0 scale mail (worn)
 c - a +0 shield (worn)
Wands
 n - a wand of random effects (32)
 p - a wand of enslavement (7)
Scrolls
 h - a scroll of teleportation {unknown}
 i - 2 scrolls of identify {unknown}
 j - a scroll of remove curse {unknown}
 l - a scroll of enchant weapon {unknown}
 m - a scroll of immolation {unknown}
 r - 2 scrolls of enchant armour {unknown}
 s - a scroll of fog {unknown}
Potions
 d - a potion of might
 e - a potion of curing {unknown}
 k - 2 potions of flight {unknown}
Comestibles
 f - 4 rations
 g - 3 chunks of flesh


   Skills:
 + Level 4.3(4.0) Fighting
 * Level 4.3(3.9) Axes
 + Level 4.3(4.0) Armour
 + Level 4.3(3.9) Shields


You had 3 spell levels left.
You didn't know any spells.
Your spell library was empty.

Dungeon Overview and Level Annotations

Branches:
Dungeon (3/15)

Altars:
Dithmenos

Annotations:
D:3 Crazy Yiuf


Innate Abilities, Weirdness & Mutations

You reflexively headbutt those who attack you in melee.
You have a pair of horns on your head.


Message History

Your scale mail prevents you from hitting Crazy Yiuf.
You are feeling hungry.
Crazy Yiuf hits you with a quarterstaff of chaos.
You are poisoned.
You hit Crazy Yiuf but do no damage.
You feel sick.
Crazy Yiuf hits you with a quarterstaff of chaos!
Crazy Yiuf freezes you.
You closely miss Crazy Yiuf.
You feel sick.
Crazy Yiuf hits you with a quarterstaff of chaos!
* * * LOW HITPOINT WARNING * * *
You feel drained.
* * * LOW HITPOINT WARNING * * *
You barely miss Crazy Yiuf. Your headbutt misses Crazy Yiuf.
* * * LOW HITPOINT WARNING * * *
You feel sick. Crazy Yiuf closely misses you.
Crazy Yiuf hits you with a quarterstaff of chaos.
* * * LOW HITPOINT WARNING * * *
You hit Crazy Yiuf. You headbutt Crazy Yiuf.
Crazy Yiuf is moderately wounded.
You die...

#....# #.# ♣.♣PP♣ #.# ♣)PP♣♣
#.# ##### ♣♣)♣♣ #.# ####
....######## ♣)♣♣
#.#######... ....##.....#
♣♣.♣ #...........
..........)# ♣.♣♣
#####)...... ...........#
♣♣.♣ #...')......
....##.....# #@#
##.##).....# ....##.....#
#.g)# #.##......#
############ #)).#
##'######### #).)# #...#
##### #...# #...#
#################...########
#......#.#..........'.......
#......#'##.##......########


You could see Crazy Yiuf.

Vanquished Creatures
  3 gnolls (D:3)
  2 worms (D:3)
  A dart slug (D:1)
  2 leopard geckos
  10 orcs (D:3)
  A ball python (D:3)
  3 giant cockroaches
  9 goblins
  10 hobgoblins
  A quokka (D:3)
  8 bats
  3 frilled lizards
  5 kobolds
  9 rats
  A fungus (D:3)
68 creatures vanquished.

Notes
Turn   | Place    | Note
-------+----------+-------------------------------------------
     0 | D:1      | Hebeh the Minotaur Fighter began the quest for the Orb.
     0 | D:1      | Reached XP level 1. HP: 19/19 MP: 0/0
    78 | D:1      | Reached XP level 2. HP: 24/27 MP: 1/1
   404 | D:1      | Reached XP level 3. HP: 33/33 MP: 2/2
   751 | D:2      | Found a shadowy altar of Dithmenos.
  1237 | D:3      | Reached XP level 4. HP: 36/40 MP: 3/3
  1868 | D:3      | Found a runed door.
  1872 | D:3      | Noticed Crazy Yiuf
  1878 | D:3      | HP: 1/41 [Crazy Yiuf/quarterstaff of chaos (4)]
  1879 | D:3      | Succumbed to Crazy Yiuf's poison

Vault maps used:
D:1:      tarquinn_simple_flora_water_d
D:2:      nicolae_overflow_hidden_temple
D:3:      uniq_crazy_yiuf_cottage

Skill      XL: |  1  2  3  4 |
---------------+-------------+-----
Axes           | 3 4 |  4.3
Fighting       | 4 |  4.3
Armour         | 4 |  4.3
Shields        | 4 |  4.3

Action                   |  1- 3 |  4- 6 || total
-------------------------+-------+-------++-------
Melee: War axe           |   110 |    78 ||   188
       Headbutt          |    12 |    16 ||    28
  Eat: Chunk             |     1 |     2 ||     3
Armor: Scale mail        |    57 |     9 ||    66
Dodge: Dodged            |    28 |     7 ||    35
Block: Shield            |    61 |    20 ||    81

Table legend:
 A = Spawn XP
 B = Non-spawn XP
 C = Spawn XP percentage of total XP
 D = Spawn monster count
 E = Non-spawn monster count
 F = Spawn count percentage of total count
 G = Total turns spent on level
                    A         B        C        D         E        F      G
               +---------+---------+-------+---------+---------+-------+---------
         Total |       0 |     169 |   0.0 |       0 |      67 |   0.0 |  1879
               +---------+---------+-------+---------+---------+-------+---------
           D:1 |       0 |      44 |   0.0 |       0 |      27 |   0.0 |   514
           D:2 |       0 |      20 |   0.0 |       0 |      11 |   0.0 |   584
           D:3 |       0 |     105 |   0.0 |       0 |      29 |   0.0 |   781
               +---------+---------+-------+---------+---------+-------+---------
